 Dungeon Crawl Stone Soup version 0.25.1-2-g60ff931df9 (console) character file.

Game seed: 2034391743238984744

63 Colgate the Sneak (level 3, 2/14 HPs)
             Began as a Felid Enchanter on Aug 23, 2020.
             Quit the game on level 2 of the Dungeon.
             The game lasted 00:24:10 (1489 turns).

Colgate the Sneak (Felid Enchanter)                 Turns: 1489, Time: 00:24:12

Health: 2/14       AC:  1    Str:  4    XL:     3   Next: 87%
Magic:  5/7        EV: 18    Int: 17    God:
Gold:   94         SH:  0    Dex: 16    Spells: 0/6 levels left
                                        Lives:  0   Deaths: 0

rFire    + . .     SeeInvis +     - Unarmed
rCold    . . .     Gourm    .   (shield unavailable)
rNeg     . . .     Faith    .   (armour unavailable)
rPois    .         Spirit   .   (helmet unavailable)
rElec    .         Reflect  .   (cloak unavailable)
rCorr    .         Harm     .   (gloves unavailable)
MR       .....                  (boots unavailable)
Stlth    ++++......             (no amulet)
HPRegen  0.04/turn              c - ring of protection from fire
MPRegen  0.10/turn              (no ring)

@: quick
A: very small, no armour, no weapons or thrown items, stealth, claws 1, fangs 3,
see invisible, carnivore, speed 1, shaggy fur 1, slow metabolism 1, sharp paws
a: no special abilities


You were on level 2 of the Dungeon.
You were very full.

You visited 1 branch of the dungeon, and saw 2 of its levels.

You collected 94 gold pieces.

Inventory:

Jewellery
 c - a ring of protection from fire (left paw)
Scrolls
 d - a scroll of random uselessness {unknown}
 h - a scroll of blinking {unknown}
 i - a scroll of remove curse {unknown}
 k - a scroll of magic mapping {unknown}
Potions
 a - 3 potions of flight {unknown}
 e - 3 potions of heal wounds {unknown}
 f - a potion of resistance {unknown}
 g - a potion of lignification {unknown}
Comestibles
 b - 2 rations
 j - 2 chunks of flesh


   Skills:
 - Level 2.6 Dodging
 + Level 6.3 Stealth
 - Level 1.0 Unarmed Combat
 - Level 2.0 Spellcasting
 - Level 5.0 Hexes


You couldn't memorise any spells.
You knew the following spells:

 Your Spells              Type           Power        Failure   Level  Hunger
a - Corona                Hex            ###....      2%          1    #......
b - Ensorcelled Hibernat  Hex/Ice        ##....       11%         2    ###....
c - Confusing Touch       Hex            ###.....     8%          3    ###....

Your spell library contained the following spells:

 Spells                   Type           Power        Failure   Level  Hunger
 Tukima's Dance           Hex            ###.....     8%          3    ###....
 Dazzling Flash           Conj/Hex       ##....       21%         3    ###....


Dungeon Overview and Level Annotations

Branches:
Dungeon (2/15)

Altars:


Innate Abilities, Weirdness & Mutations

You cannot wear armour.
You are incapable of wielding weapons or throwing items.
Your paws allow you to move quietly. (Stealth)
You have sharp claws.
You have razor-sharp teeth.
You have supernaturally acute eyesight. (SInv)
You are carnivorous and can eat meat at any time.
You cover ground quickly.
You are covered in fur. (AC +1)
You have a slow metabolism.
Your sharp claws are effective at attacking unaware monsters.


Message History

The bat completely misses you. The bat barely misses you.
You closely miss the bat. The bat misses you. The bat hits you.
* * * LOW HITPOINT WARNING * * *
The bat closely misses you. The bat barely misses you.
The bat closely misses you. The bat barely misses you.
Some of the chunks of flesh in your inventory have rotted away.
The bat completely misses you. The bat barely misses you. The bat misses you.
The bat barely misses you. The bat closely misses you. The bat misses you. x2
The bat hits you but does no damage.
You scratch the bat.
You kill the bat!
You see here a bat corpse.
Are you sure you want to abandon this character and quit the game? (Confirm with "yes".)

#.......#
####........
######†####
#..'...>....
#.........#
####........
#....$...†#
#........
#####.........#
#########
#.............#
#.............#
#.............###
#...............#
#......##.......#
#......##....@..#
#......##########
#......# #......#
#......# ########


There were no monsters in sight!

Vanquished Creatures
  3 adders (D:2)
  2 worms (D:2)
  2 dart slugs
  3 goblins (D:1)
  5 hobgoblins
  4 kobolds
  A quokka (D:2)
  2 bats (D:2)
  2 frilled lizards (D:2)
  3 rats
27 creatures vanquished.

Notes
Turn   | Place    | Note
-------+----------+-------------------------------------------
     0 | D:1      | Colgate the Felid Enchanter began the quest for the Orb.
     0 | D:1      | Reached XP level 1. HP: 7/7 MP: 4/4
    80 | D:1      | Reached skill level 5 in Hexes
   320 | D:1      | Reached XP level 2. HP: 11/11 MP: 4/6
   324 | D:1      | Learned a level 2 spell: Ensorcelled Hibernation
   922 | D:2      | Reached skill level 5 in Stealth
  1031 | D:2      | Reached XP level 3. HP: 14/14 MP: 2/7
  1093 | D:2      | Learned a level 3 spell: Confusing Touch
  1251 | D:2      | Reached skill level 6 in Stealth
  1489 | D:2      | Quit the game

Illustrated notes

Levels and vault maps discovered:
D:1:      erik_arrival_orb_chamber, layout_basic, chequers_jeans,
          minmay_pentomino_r2
D:2:      layout_basic, lemuel_doored_altar

Skill      XL: |  1  2  3 |
---------------+----------+-----
Hexes          | 5 |  5.0
Stealth        | 5 6 |  6.3
Dodging        | |  2.6
Unarmed Combat | |  1.0
Spellcasting   | |  2.0

Action                   || total
-------------------------++-------
Melee: Unarmed           ||    73
       Bite              ||     6
 Cast: Corona            ||     8
       Ensorcelled Hiber ||    10
       Confusing Touch   ||     3
 Stab: Sleeping          ||    15
       Confused          ||     3
  Eat: Chunk             ||     9
Armor: Skin              ||    12
Dodge: Dodged            ||   101
